 Dungeon Crawl Stone Soup version 0.22-a0-455-ga0624bf62c (webtiles) character file.

581 Kriby the Spear-Bearer (level 7, -3/45 HPs)
             Began as a Merfolk Skald on June 5, 2018.
             Was an Initiate of Hepliaklqana.
             Slain by Menkaure (14 damage)
             ... on level 5 of the Dungeon.
             The game lasted 00:08:58 (7382 turns).

Kriby the Spear-Bearer (Merfolk Skald)              Turns: 7382, Time: 00:08:59

Health: -3/45      AC:  3    Str: 13    XL:     7   Next: 36%
Magic:  10/10      EV: 15    Int: 12    God:    Hepliaklqana [......]
Gold:   61         SH:  0    Dex: 14    Spells: 9/10 levels left

rFire    . . .     SeeInvis .   y - +0 halberd
rCold    . . .     Gourm    .   (shield currently unavailable)
rNeg     . . .     Faith    .   b - +0 leather armour
rPois    .         Spirit   .   (no helmet)
rElec    .         Reflect  .   (no cloak)
rCorr    .         Harm     .   (no gloves)
MR       .....                  (no boots)
Stlth    +.........             (no amulet)
HPRegen  0.15/turn              (no ring)
MPRegen  0.12/turn              (no ring)

@: no status effects
A: change form in water, swift swim, stealthy swim, reduced essence
a: Recall Ancestor, Ancestor Identity, Renounce Religion


You were on level 5 of the Dungeon.
You worshipped Hepliaklqana.
Hepliaklqana was noncommittal.
You were not hungry.

You visited 2 branches of the dungeon, and saw 6 of its levels.
You also visited: Sewer.

You collected 158 gold pieces.
You spent 97 gold pieces at shops.

Inventory:

Hand Weapons
 y - a +0 halberd (weapon)
Armour
 b - a +0 leather armour (worn)
 c - a +0 chain mail
 n - a cursed +0 plate armour
Scrolls
 f - a scroll of enchant weapon
 g - 2 scrolls of identify {@r1}
 h - a scroll of magic mapping {unknown}
 k - 3 scrolls of noise
 o - a scroll of fog {unknown}
 p - a scroll of fear {unknown}
 r - a scroll of random uselessness
 s - a scroll of remove curse {@r2}
 v - a scroll of immolation {unknown}
Potions
 e - 2 potions of haste {@q3}
 i - 7 potions of heal wounds {@q2}
 j - a potion of mutation {unknown}
 l - 2 potions of brilliance {unknown}
 m - a potion of magic {unknown}
 q - a potion of lignification {unknown}
 t - 2 potions of might {unknown}
 w - 2 potions of agility {unknown}
 x - 5 potions of curing {unknown}
Comestibles
 d - 7 rations {@e1}


   Skills:
 - Level 2.1 Fighting
 * Level 9.4 Polearms
 - Level 0.6 Armour
 + Level 6.3 Dodging
 - Level 2.0 Spellcasting
 - Level 3.2 Charms


You had 9 spell levels left.
You knew the following spells:

 Your Spells              Type           Power        Failure   Level  Hunger
a - Infusion              Chrm           #...         9%          1    ##.....

Your spell library contained the following spells:

 Spells                   Type           Power        Failure   Level  Hunger
 Magic Dart               Conj           #...         34%         1    ##.....
 Apportation              Tloc           #.....       34%         1    ##.....
 Conjure Flame            Conj/Fire      #.......     71%         3    ####...
 Slow                     Hex            #.......     45%         2    ###....
 Mephitic Cloud           Conj/Pois/Air  #.......     71%         3    ####...
 Summon Small Mammal      Summ           #...         34%         1    ##.....
 Blink                    Tloc           N/A          45%         2    ###....
 Animate Skeleton         Necr           N/A          34%         1    ##.....
 Call Imp                 Summ           #.......     45%         2    ###....
 Regeneration             Chrm/Necr      #.........   47%         3    ####...
 Confusing Touch          Hex            #.....       34%         1    ##.....
 Shroud of Golubria       Chrm/Tloc      #.........   26%         2    ###....
 Song of Slaying          Chrm           #.......     14%         2    ###....
 Spectral Weapon          Hex/Chrm       #.......     47%         3    ####...


Dungeon Overview and Level Annotations

Branches:
Dungeon (5/15)             Temple (1/1) D:4

Altars:
Ashenzari
Dithmenos
Elyvilon
Hepliaklqana
Makhleb
Nemelex Xobeh
Okawaru
Qazlal
Ru
Sif Muna
Uskayaw
Wu Jian
Xom
Yredelemnul
The Shining One

Shops:
D:4 ?(

Annotations:
D:5 Menkaure


Message History

You hit Menkaure but do no damage.
Menkaure is moderately damaged.
An adder comes into view.
Menkaure closely misses you.
You barely miss Menkaure.
Menkaure is moderately damaged.
Menkaure completely misses you.
All of the chunks of flesh in your inventory have rotted away.
As you read the scroll labeled FIMUUN JUC, it crumbles to dust.
It is a scroll of identify.
k - 3 scrolls of noise Menkaure completely misses you.
The adder bites you. Menkaure hits you!
* * * LOW HITPOINT WARNING * * *
As you read the scroll labeled ROAXYRI QERAU, it crumbles to dust.
The dust glows dark lime green!
It was a scroll of random uselessness.
The adder barely misses you. Menkaure misses you.
As you read the scroll labeled COOTO OTRU, it crumbles to dust.
You feel blessed for a moment.
It was a scroll of remove curse.
The adder misses you. Menkaure hits you!
You die...

#. ...... #.# #.#...
###.####.#....... ....
................ ....
.............. #..#
#.##.#.#....#
#..#####.##.#.#....#
#.............#....#
####...####.....@M....#.#
.................S..>....
#.#<.###...#.##........
#..###......#...#....
#[..................#
................#...#..##
###....###.#.####...#..#
.......# #.#.# ##..# .#
....(..# #.... ... .


You could see Menkaure and an adder.

Vanquished Creatures
  2 orc priests (D:4)
  A jelly (D:5)
  A gnoll shaman (D:4)
  A hound (D:4)
  An iguana (D:5)
  7 gnolls (D:3)
  7 adders
  11 river rats (Sewer)
  A shadow imp (D:3)
  3 oozes
  5 worms
  2 dart slugs (D:2)
  A leopard gecko (D:4)
  5 orcs
  6 ball pythons
  9 giant cockroaches
  7 goblins
  5 hobgoblins
  5 jackals
  25 kobolds
  A ball python skeleton (D:4)
  7 bats
  4 frilled lizards
  19 rats
136 creatures vanquished.

Vanquished Creatures (collateral kills)
  An orc wizard (D:4)
  An orc (D:4)
2 creatures vanquished.

Vanquished Creatures (others)
  An ancestor (D:5)
  5 toadstools (D:1)
6 creatures vanquished.

Grand Total: 144 creatures vanquished

Notes
Turn   | Place    | Note
-------+----------+-------------------------------------------
     0 | D:1      | Kriby the Merfolk Skald began the quest for the Orb.
     0 | D:1      | Reached XP level 1. HP: 16/16 MP: 3/3
   112 | D:1      | Reached XP level 2. HP: 18/22 MP: 5/5
   364 | D:1      | Reached skill level 4 in Polearms
   569 | D:1      | Reached XP level 3. HP: 27/27 MP: 6/6
   949 | D:2      | Reached skill level 5 in Polearms
  1438 | D:2      | Reached XP level 4. HP: 33/33 MP: 7/7
  2637 | D:3      | Reached skill level 6 in Polearms
  2638 | D:3      | Reached XP level 5. HP: 27/38 MP: 8/8
  3428 | D:4      | Found a glowing drain.
  3477 | Sewer    | Entered a sewer
  3546 | Sewer    | Reached skill level 7 in Polearms
  3965 | Sewer    | Reached skill level 5 in Dodging
  3969 | Sewer    | Reached XP level 6. HP: 14/44 MP: 9/9
  5187 | Sewer    | Reached skill level 8 in Polearms
  6279 | D:4      | Found Ecred's Magic Scroll Shop.
  6288 | D:4      | Bought a scroll of enchant weapon for 97 gold pieces
  6292 | D:4      | Found Cehil's Weapon Emporium.
  6548 | D:3      | Reached XP level 7. HP: 17/50 MP: 10/10
  6861 | D:4      | Reached skill level 9 in Polearms
  6933 | D:4      | Found a staircase to the Ecumenical Temple.
  6939 | Temple   | Entered the Ecumenical Temple
  6997 | Temple   | Became a worshipper of Hepliaklqana the Forgotten
  7286 | D:5      | Entered Level 5 of the Dungeon
  7370 | D:5      | Noticed Menkaure
  7382 | D:5      | Slain by Menkaure

Vault maps used:
D:1:      ldierk_walled_garden
D:2:      minmay_wonky_spiral
D:3:      first_ration
D:4:      minmay_temple_entry_fiery, gup_sewer_entry_glass, serial_shops,
          shop_scrolls, nicolae_shop_crystal
D:5:      uniq_menkaure
Temple:   kb_temple_of_zot
Sewer:    sewer_minmay_treatment

Skill      XL: |  1  2  3  4  5  6  7 |
---------------+----------------------+-----
Dodging        | 3 4 5 6 |  6.3
Polearms       | 4 5 6 7 8 9 |  9.4
Fighting       | |  2.1
Armour         | |  0.6
Spellcasting   | |  2.0
Charms         | |  3.2

Action                   |  1- 3 |  4- 6 |  7- 9 || total
-------------------------+-------+-------+-------++-------
Melee: Spear             |   159 |   135 |       ||   294
       Quarterstaff      |       |   208 |     5 ||   213
       Halberd           |       |       |    34 ||    34
 Cast: Infusion          |     1 |       |       ||     1
Invok: Ancestor Identity |       |       |     1 ||     1
Evoke: Wand              |       |     8 |       ||     8
  Use: Potion            |       |     3 |       ||     3
       Scroll            |       |       |     3 ||     3
 Stab: Sleeping          |     3 |       |       ||     3
       Distracted        |       |       |     1 ||     1
  Eat: Chunk             |     2 |    13 |     2 ||    17
       Ration            |       |     1 |       ||     1
Armor: Leather armour    |    24 |    44 |     3 ||    71
       Chain mail        |    15 |    27 |       ||    42
Dodge: Dodged            |    62 |   258 |    28 ||   348

Table legend:
 A = Spawn XP
 B = Non-spawn XP
 C = Spawn XP percentage of total XP
 D = Spawn monster count
 E = Non-spawn monster count
 F = Spawn count percentage of total count
 G = Total turns spent on level
                    A         B        C        D         E        F      G
               +---------+---------+-------+---------+---------+-------+---------
         Total |       0 |     831 |   0.0 |       0 |     138 |   0.0 |  7382
               +---------+---------+-------+---------+---------+-------+---------
           D:1 |       0 |      38 |   0.0 |       0 |      20 |   0.0 |   830
           D:2 |       0 |      73 |   0.0 |       0 |      26 |   0.0 |  1503
           D:3 |       0 |     144 |   0.0 |       0 |      22 |   0.0 |  1410
           D:4 |       0 |     249 |   0.0 |       0 |      19 |   0.0 |  1344
           D:5 |       0 |      92 |   0.0 |       0 |       3 |   0.0 |    96
         Sewer |       0 |     235 |   0.0 |       0 |      48 |   0.0 |  2097
               +---------+---------+-------+---------+---------+-------+---------
